 Dungeon Crawl Stone Soup version 0.16-a0-3171-gce70061 (webtiles) character file.

955 Chiseanne the Skirmisher (level 8, -4/65 HPs)
             Began as a Formicid Wanderer on Dec 16, 2014.
             Was a Follower of Kikubaaqudgha.
             Killed from afar by Uberwunderbarhen's ghost (18 damage)
             ... with an orb of energy
             ... on level 4 of the Dungeon.
             The game lasted 00:15:34 (4227 turns).

Chiseanne the Skirmisher (Formicid Wanderer)        Turns: 4227, Time: 00:15:34

Health: -4/65      AC: 10    Str: 17    XL:     8   Next: 36%
Magic:  19/19      EV:  8    Int: 13    God:    Kikubaaqudgha [*.....]
Gold:   212        SH:  0    Dex: 11    Spells: 1 memorised, 13 levels left

rFire  . . .     SeeInvis +     a - +0 halberd (chop)
rCold  . . .     Clarity  .     m - +0 chain mail (curse)
rNeg   . . .     SustAb   .     (no shield)
rPois  .         Gourm    .     (helmet unavailable)
rElec  .         Spirit   .     e - +0 cloak
rCorr  .         Warding  .     (no gloves)
rMut   +         Stasis   +     (no boots)
MR     .....                    t - amulet of resist mutation
Stlth  ..........               (no ring)
                                (no ring)

@: not resistant to hostile enchantments, extremely unstealthy
A: permanent stasis, dig shafts and tunnels, four strong arms, antennae 3
a: Dig, Shaft Self, Receive Corpses, Renounce Religion


You were on level 4 of the Dungeon.
You worshipped Kikubaaqudgha.
Kikubaaqudgha was aware of your devotion.
You were not hungry.

You visited 1 branch of the dungeon, and saw 4 of its levels.
You also visited: Sewer.

You collected 212 gold pieces.

Inventory:

Hand weapons
 a - a +0 halberd of chopping (weapon)
 s - a +2 dagger of venom
 z - a +0 blowgun
Missiles
 d - 18 arrows
 g - 13 poisoned needles
 i - 41 stones (quivered)
 l - 37 bolts
 q - 8 sling bullets of frost
 w - 15 sling bullets
Armour
 e - a +0 cloak (worn)
 m - a cursed +0 chain mail (worn)
Jewellery
 t - an amulet of resist mutation (around neck)
Scrolls
 k - a scroll of identify
 r - 2 scrolls of remove curse
 x - a scroll of immolation
Potions
 c - a potion of lignification
 h - a potion of agility
 j - a potion of might
 o - 2 potions of brilliance {unknown}
 v - a potion of haste {unknown}
 A - 3 potions of heal wounds
 B - 2 potions of flight {unknown}
Books
 b - the Guide on Arcane Weapons

   Spells                             Type                      Level
   a - Magic Dart                     Conjuration                  1
   b - Throw Frost                    Conjuration/Ice              2
 u - a book of Control

   Spells                             Type                      Level
   a - Control Teleport               Charms/Translocation         4
   b - Control Undead                 Necromancy                   4
   c - Enslavement                    Hexes                        4
   d - Metabolic Englaciation         Hexes/Ice                    5
   e - Mass Confusion                 Hexes                        6
 y - Kikubaaqudgha's Tome of Stolen Souls {god gift}
   (Kikubaaqudgha gifted it to you in a sewer)

   Spells                             Type                      Level
   a - Animate Skeleton               Necromancy                   1
   b - Corpse Rot                     Necromancy                   2
   c - Sublimation of Blood           Necromancy                   2
   d - Regeneration                   Charms/Necromancy            3
   e - Control Undead                 Necromancy                   4
Comestibles
 f - 5 bread rations
 n - a beef jerky
 p - a meat ration


   Skills:
 - Level 6.8 Fighting
   Level 1.0 Maces & Flails
 * Level 1.7 Polearms
 * Level 4.3 Armour
 - Level 4.0 Dodging
   Level 2.4 Shields
 * Level 3.8 Spellcasting
 * Level 2.0 Necromancy
   Level 1.0 Air Magic


You had 13 spell levels left.
You knew the following spells:

 Your Spells              Type           Power        Failure   Level  Hunger
a - Animate Skeleton      Necr           N/A          99%         1    None


Dungeon Overview and Level Annotations

Branches:
Dungeon (4/15)
 Temple: D:4-7

Altars:
Kikubaaqudgha

Annotations:
D:4 Uberwunderbarhen's ghost, average DECj


Innate Abilities, Weirdness & Mutations

You are under a permanent stasis effect.
You can dig through walls and to a lower floor.
Your four strong arms can wield two-handed weapons with a shield.
You have a pair of large antennae on your head (SInv).


Message History

The orb of energy misses you.
The gnoll throws a stone.
The stone closely misses you.
You see here a stone.
Uberwunderbarhen's ghost casts a spell at you.
The orb of energy hits you!
The orb of energy explodes!
The gnoll throws a stone.
The stone hits you.
You see here a stone.
The gnoll barely misses you.
You puncture Uberwunderbarhen's ghost!
Uberwunderbarhen's ghost is moderately damaged.
Uberwunderbarhen's ghost points at you and mumbles some strange words.
The orb of energy hits you! The gnoll closely misses you.
Uberwunderbarhen's ghost gestures at you while chanting.
The orb of energy hits you!
* * * LOW HITPOINT WARNING * * *
The orb of energy explodes!
Uberwunderbarhen's ghost gestures at you while chanting.
The orb of energy hits you!
You die...
Kikubaaqudgha rasps: "You have failed me!
Welcome... death!"

##### ##...## ##..#..#
##..###)# ##.)## #)## #.@##
#..# #(## ##.#### ######W##
#.#..######
#...#.g.#****#)#.P.....#
####...#...#*{..#....♣...†.
##......#...##...#...†♣♣♣.P.
#..............p.#.....♣♣P..
#.................'...♣.♣♣..
#...............#.#.....♣♣..


You could see Uberwunderbarhen's ghost and a gnoll.

Vanquished Creatures
  Pikel (D:4)
  Eustachio (D:4)
  A big kobold (Sewer)
  A scorpion (D:3)
  An orc wizard (D:4)
  A worker ant (D:4)
  2 river rats (Sewer)
  An adder (D:3)
  4 gnolls (D:4)
  3 giant mites (D:4)
  2 worms (D:2)
  7 giant geckos
  3 oozes
  2 orcs (D:4)
  7 bats
  4 goblins
  4 hobgoblins
  16 jackals
  10 kobolds
  2 ball pythons
  8 giant cockroaches
  2 giant newts (D:1)
  11 rats
94 creatures vanquished.

Vanquished Creatures (others)
  Menkaure (D:4)
  2 slaves (D:4)
  A worker ant (D:4)
  A gnoll (D:4)
5 creatures vanquished.

Grand Total: 99 creatures vanquished

Notes
Turn   | Place    | Note
--------------------------------------------------------------
     0 | D:1      | Chiseanne, the Formicid Wanderer, began the quest for the Orb.
     0 | D:1      | Chiseanne set off with: a +2 mace, the Guide on Arcane Weapons, a potion of lignification, a +0 robe, a bread ration
     0 | D:1      | Reached XP level 1. HP: 20/20 MP: 3/3
     0 | D:1      | Identified the Guide on Arcane Weapons
   128 | D:1      | Reached XP level 2. HP: 24/26 MP: 5/5
   457 | D:1      | Reached skill level 5 in Fighting
   759 | D:1      | Reached XP level 3. HP: 13/33 MP: 7/7
  1568 | D:2      | Reached skill level 1 in Dodging
  1568 | D:2      | Reached XP level 4. HP: 27/39 MP: 8/8
  2448 | D:3      | Reached skill level 6 in Fighting
  2448 | D:3      | Reached XP level 5. HP: 46/46 MP: 11/11
  2564 | D:3      | Found an ancient bone altar of Kikubaaqudgha.
  2574 | D:3      | Became a worshipper of Kikubaaqudgha
  2976 | D:4      | Noticed Eustachio
  3002 | D:4      | Killed Eustachio
  3002 | D:4      | Reached XP level 6. HP: 24/53 MP: 11/13
  3031 | D:4      | Found a glowing drain.
  3127 | Sewer    | Entered a sewer
  3239 | Sewer    | Reached XP level 7. HP: 22/59 MP: 14/16
  3368 | Sewer    | Acquired Kikubaaqudgha's first power
  3368 | Sewer    | Received a gift from Kikubaaqudgha
  3369 | Sewer    | Identified Kikubaaqudgha's Tome of Stolen Souls {god gift} (Kikubaaqudgha gifted it to you in a sewer)
  3520 | Sewer    | Learned a level 1 spell: Animate Skeleton
  3534 | Sewer    | Found a white marble altar of Elyvilon.
  3669 | D:4      | Noticed Menkaure
  3718 | D:4      | Reached skill level 1 in Armour
  3924 | D:4      | Noticed a slave
  3924 | D:4      | Noticed a slave
  3925 | D:4      | Noticed Pikel
  3926 | D:4      | Noticed a slave
  3927 | D:4      | Noticed a slave
  3964 | D:4      | Killed Pikel
  3964 | D:4      | Reached skill level 1 in Polearms
  3964 | D:4      | Reached XP level 8. HP: 22/65 MP: 17/19
  4025 | D:4      | Killed Menkaure
  4105 | D:4      | Killed a freed slave
  4159 | D:4      | Killed a freed slave
  4204 | D:4      | Noticed Uberwunderbarhen's ghost (average DECj)
  4227 | D:4      | Killed from afar by Uberwunderbarhen's ghost

Action                   |  1- 3 |  4- 6 |  7- 9 || total
-------------------------+-------+-------+-------++-------
Melee: Mace              |    56 |     1 |       ||    57
       Dagger            |    58 |   172 |    39 ||   269
       Halberd           |       |       |    12 ||    12
  Use: Scroll            |     7 |     6 |       ||    13
       Potion            |       |     1 |       ||     1
  Eat: Chunk             |     2 |     5 |       ||     7
       Fruit             |       |       |     3 ||     3
       Beef jerky        |       |       |     1 ||     1
